 Dungeon Crawl Stone Soup version 0.31-a0-818-ge7c7cf74f0 (webtiles) character file.

Game seed: 18290368484100403248

91 Danienth the Shooter (level 4, -4/25 HPs)
             Began as a Deep Elf Hexslinger on Sept 22, 2023.
             Shot with an arrow by a centaur (12 damage)
             ... on level 3 of the Dungeon.
             The game lasted 00:07:39 (2434 turns).

Danienth the Shooter (Deep Elf Hexslinger)          Turns: 2434, Time: 00:07:39

Health: -4/25      AC:  2    Str:  7    XL:     4   Next: 34%
Magic:  8/8        EV: 13    Int: 18    God:
Gold:   82         SH:  0    Dex: 17    Spells: 6/6 levels left

rFire   . . .        t - +3 sling
rCold   . . .        (no shield)
rNeg    . . .        c - +0 robe
rPois   .            (no helmet)
rElec   .            (no cloak)
rCorr   .            (no gloves)
SInv    .            (no boots)
Will    .....        (no amulet)
Stlth   ++           (no ring)
HPRegen 0.24/turn    (no ring)
MPRegen 0.11/turn

%: no passive effects
@: invisible
A: no striking features
a: no special abilities


You were on level 3 of the Dungeon.
You visited 1 branch of the dungeon, and saw 3 of its levels.

You collected 82 gold pieces.

Inventory:

Hand Weapons
 h - a +4 short sword
 t - a +3 sling (weapon)
Armour
 c - a +0 robe (worn)
 d - a +1 ring mail of poison resistance
 q - a +1 ring mail of poison resistance
Talismans
 l - a flux talisman
Wands
 s - a wand of acid (6)
Scrolls
 a - a scroll of fog {unknown}
 e - 2 scrolls of teleportation
 f - a scroll of fear {unknown}
 n - 3 scrolls of identify {unknown}
 r - a scroll of enchant weapon {unknown}
Potions
 g - a potion of invisibility
 i - a potion of might {unknown}
 j - a potion of cancellation {unknown}
 k - a potion of degeneration {unknown}
 m - 2 potions of curing {unknown}
 o - a potion of resistance {unknown}
 p - a potion of heal wounds {unknown}


   Skills:
 * Level 1.5 Fighting
 * Level 0.1 Short Blades
 + Level 4.6 Ranged Weapons
 * Level 3.2 Dodging
 * Level 1.9 Stealth
 - Level 1.5 Spellcasting
 - Level 4.0 Hexes
 - Level 1.1 Fire Magic


You had 6 spell levels left.
You didn't know any spells.
Your spell library contained the following spells:

 Spells                   Type           Power      Damage    Failure   Level
 Jinxbite                 Hex            30%        N/A       5%          2
 Sigil of Binding         Hex            15%        N/A       11%         3
 Inner Flame              Hex/Fire       10%        N/A       21%         3
 Summon Guardian Golem    Hex/Summ       8%         N/A       26%         3
 Sublimation of Blood     Necr           1%         N/A       28%         2
 Wereblood                Tmut           1%         N/A       28%         2
 Cause Fear               Hex            7%         N/A       36%         4
 Dimensional Bullseye     Hex/Tloc       4%         N/A       63%         4
 Summon Ice Beast         Ice/Summ       1%         N/A       88%         4
 Summon Mana Viper        Hex/Summ       8%         N/A       93%         5
 Monstrous Menagerie      Summ           0%         N/A       100%        7
 Orb of Destruction       Conj           0%         9d5       100%        7
 Spellforged Servitor     Conj/Summ      0%         N/A       100%        7
 Summon Hydra             Summ           0%         N/A       100%        7


Dungeon Overview and Level Annotations

Branches:
Dungeon (3/15)

Altars:
Ashenzari
Trog


Message History

You kill the quokka!
Found 2 stones.
You see here a quokka corpse.
Found a stone staircase leading up.
You see here 2 stones.
You open the door.
Found an escape hatch in the floor.
There is an open door here.
There is an escape hatch in the floor here.
n - 3 scrolls labelled ADIPPUORRA (gained 1)
You open the door.
There is an open door here.
Found a cloak.
Found a pair of gloves.
You now have 82 gold pieces (gained 12).
A hobgoblin comes into view.
You shoot a sling bullet. The sling bullet hits the hobgoblin.
The hobgoblin is moderately wounded.
You shoot a sling bullet.
The sling bullet barely misses the hobgoblin.
The hobgoblin hits you.
You shoot a sling bullet. The sling bullet hits the hobgoblin.
You kill the hobgoblin!
You see here a hobgoblin corpse.
A centaur comes into view.
The centaur shouts!
The centaur wields a +0 orcbow.
The centaur shoots an arrow.
The arrow hits you.
The centaur shoots an arrow.
The arrow hits you!
You are too injured to fight recklessly!
Okay, then.
The air fills with toxic fumes!
As you read the scroll of poison, it crumbles to dust.
You start memorising the spell.
You continue memorising. x2
The centaur shoots an arrow.
Your memorisation is interrupted.
The arrow hits you!
* * * LOW HITPOINT WARNING * * *
It was a potion of invisibility.
You fade into invisibility!
The centaur shoots an arrow.
The arrow hits you!
You die...

##.........[..#
##○°°###.#.##..#
#.○§..##.#.##..#
##☼○°###.#.##..#
#c###c☼###...†...#
#....☼○.........##
###§#####.####
#.#####.#
#☼@☼§○☼☼#
#########


You could see a centaur (unable to see you).

Vanquished Creatures
  3 adders (D:2)
  2 worms
  A dart slug (D:2)
  An orc (D:3)
  6 ball pythons
  A bat (D:2)
  3 endoplasms
  2 giant cockroaches
  4 goblins
  5 hobgoblins
  4 jackals (D:3)
  7 kobolds
  6 quokkas
  2 frilled lizards
  2 rats
49 creatures vanquished.

Notes
Turn   | Place    | Note
-------+----------+-------------------------------------------
     0 | D:1      | Danienth the Deep Elf Hexslinger began the quest for the
                  | Orb.
     0 | D:1      | Reached XP level 1. HP: 11/11 MP: 5/5
    36 | D:2      | Reached skill level 1 in Fighting
    36 | D:2      | Reached XP level 2. HP: 16/16 MP: 6/6
    72 | D:2      | Reached skill level 1 in Stealth
   126 | D:2      | Found a faded altar of an unknown god.
   445 | D:2      | Reached XP level 3. HP: 20/20 MP: 7/7
  1881 | D:3      | Reached XP level 4. HP: 25/25 MP: 8/8
  2024 | D:3      | Found a bloodstained altar of Trog.
  2117 | D:3      | Found a broken altar of Ashenzari.
  2419 | D:3      | Noticed a centaur
  2434 | D:3      | Shot with an arrow by a centaur

Illustrated notes

Levels and vault maps discovered:
D:1:      lemuel_arrival_broad_hall, layout_loops_ring, kennysheep_boxes
D:2:      layout_basic, dreamdust_ecumenical_altar_grove
D:3:      wad_pebble_path, layout_loops_corners, slow_altar_2,
          mainiacjoe_overflow_alcove_4, cheibrodos_ashenzari_chains

Skill      XL: |  1  2  3 |
---------------+----------+-----
Fighting       | 1 |  1.5
Ranged Weapons | 3 4 |  4.6
Stealth        | 1 |  1.9
Dodging        | 3 |  3.2
Short Blades   | |  0.1
Spellcasting   | |  1.5
Hexes          | |  4.0
Fire Magic     | |  1.1

Action                     |  1- 3 |  4- 6 || total
---------------------------+-------+-------++-------
   Fire: Sling             |    94 |    36 ||   130
    Use: Scroll            |     1 |     1 ||     2
         Potion            |       |     1 ||     1
 Armour: Robe              |     7 |     8 ||    15
  Dodge: Dodged            |    21 |    14 ||    35

Table legend: (Time is in decaauts)
 A = Elapsed time spent in this place.
 B = Non-inter-level travel time spent in this place.
 C = Inter-level travel time spent in this place.
 D = Time resting spent in this place.
 E = Time spent auto-exploring this place.
 F = Levels seen in this place.
 G = Mean time per level.
                   A        B        C        D        E       F      G
               +--------+--------+--------+--------+--------+-----+--------+
         Total |   2459 |   2246 |    213 |     45 |   1914 |   3 |  819.7 |
       Dungeon |   2459 |   2246 |    213 |     45 |   1914 |   3 |  819.7 |
               +--------+--------+--------+--------+--------+-----+--------+

Top non-repeatable levels by time:
     D:2: 1193 daAuts
     D:1: 687 daAuts
     D:3: 578 daAuts
